AoeStats
← Mehaverage

Oasis

508859165Analyzed
3v3 RM · 8d ago on Sep 24, 2026· 48m 8s· 6 players
Game mode
Random Map
Map size
Normal (6 player)
Population
200
Speed
Normal
Resources
Standard
Victory
Conquest
Starting age
Dark Age
Ending age
Imperial Age
RankedLock teamsTeams togetherTeam positionsShared explorationLock speedFull tech treeHidden civsTurbo modeCheats
Victory
Defeat
🇨🇳 Goths · China
997
+14
🇷🇴 Britons · Romania
932
+17
🇨🇳 Magyars · China
923
+17
🇹🇷 Aztecs · Türkiye
983
-17
🇬🇧 Burgundians · United Kingdom
961
-16
🇦🇹 Saracens · Austria
935
-15
Mehaverage
10:49 Feudal Age
11:45 Loom
17:57 Castle Age
16:26 Fletching
16:36 Padded Archer Armor
18:35 Bodkin Arrow
18:03 Crossbowman
22:59 Double-Bit Axe
24:30 Wheelbarrow
24:35 Elite Skirmisher
25:33 Leather Archer Armor
39:49 Imperial Age
39:09 Scale Mail Armor
39:19 Forging
38:59 Pikeman
39:39 Squires
39:58 Forging
makrimonos
11:04 Feudal Age
11:44 Double-Bit Axe
22:03 Horse Collar
25:19 Castle Age
35:32 Man-at-Arms
40:58 Bow Saw
ska_18
8:45 Loom
10:43 Feudal Age
16:49 Castle Age
15:13 Double-Bit Axe
15:56 Horse Collar
20:40 Wheelbarrow
20:16 Bow Saw
19:58 Town Watch
21:49 Hand Cart
24:46 Gold Mining
25:02 Heavy Plow
24:54 Stone Mining
24:55 Fletching
27:23 Forging
27:08 Bodkin Arrow
28:51 Scale Barding Armor
29:23 Gold Shaft Mining
29:17 Town Patrol
34:12 Imperial Age
32:40 Iron Casting
32:25 Chain Barding Armor
33:18 Bimaristan
33:09 Murder Holes
33:24 Fortified Wall
36:13 Chemistry
35:24 Masonry
37:11 Two-Man Saw
37:04 Conscription
36:04 Elite Mameluke
37:24 Hoardings
38:23 Blast Furnace
38:04 Plate Barding Armor
37:43 Fervor
37:54 Sanctity
37:40 Caravan
38:10 Coinage
39:14 Bracer
39:21 Siege Engineers
39:37 Ballistics
39:19 Husbandry
38:40 Light Cavalry
41:32 Bloodlines
40:42 Hussar
47:03 Guard Tower
46:59 Arrowslits
Clauzzz
7:16 Loom
10:25 Feudal Age
10:58 Horse Collar
12:02 Double-Bit Axe
22:10 Castle Age
20:46 Fletching
22:37 Wheelbarrow
21:54 Gold Mining
22:21 Crossbowman
22:39 Elite Skirmisher
23:21 Bodkin Arrow
24:01 Bow Saw
28:25 Pikeman
29:06 Squires
30:35 Heavy Plow
30:52 Arson
34:53 Gold Shaft Mining
34:25 Padded Archer Armor
37:47 Imperial Age
36:46 Ballistics
36:55 Hand Cart
38:48 Town Watch
39:03 Stone Mining
40:09 Leather Archer Armor
40:42 Fortified Wall
40:43 Masonry
40:14 Treadmill Crane
40:30 Murder Holes
42:15 Two-Man Saw
40:37 Arbalester
41:49 Yeomen
41:48 Bracer
43:00 Ring Archer Armor
43:32 Chemistry
43:55 Town Patrol
43:54 Halberdier
45:13 Conscription
45:48 Siege Engineers
45:48 Scale Mail Armor
46:28 Warwolf
Dominic
12:11 Feudal Age
10:59 Loom
13:53 Horse Collar
14:53 Double-Bit Axe
16:53 Town Watch
20:20 Castle Age
21:37 Wheelbarrow
23:08 Corvinian Army
24:02 Scale Barding Armor
28:28 Heavy Plow
36:54 Imperial Age
38:39 Conscription
39:22 Chain Barding Armor
39:23 Hand Cart
39:22 Bow Saw
39:32 Husbandry
39:44 Bloodlines
42:32 Elite Magyar Huszar
47:21 Plate Barding Armor
卫宫切嗣
4:37 Loom
11:42 Feudal Age
17:48 Castle Age
16:18 Double-Bit Axe
18:24 Pikeman
18:47 Horse Collar
32:47 Heavy Plow
33:27 Wheelbarrow
33:23 Forging
33:13 Scale Mail Armor
34:53 Scale Mail Armor
35:41 Bow Saw
37:33 Chain Mail Armor
37:54 Iron Casting
37:50 Anarchy
38:47 Stone Mining
42:13 Imperial Age
40:11 Man-at-Arms
43:08 Perfusion
Connection lost

Rejoining the realm…

Still unreachable

The connection could not be restored.

Session expired

The server has moved on; the page needs a fresh start.